 Dungeon Crawl Stone Soup version 0.31-a0-988-g08d55dae12 (webtiles) character file.

Game seed: 6061333451122357548

262004 Gumption the Warrior (level 19, 0/183 HPs)
             Began as a Grey Draconian Fire Elementalist on May 26, 2020.
             Was the Champion of Vehumet.
             Slain by a vampire knight
             ... wielding a +0 war axe
              (4 damage)
             ... on level 1 of the Depths on Nov 5, 2023.
             The game lasted 13:14:58 (67118 turns).

Gumption the Warrior (DrFE)                        Turns: 67118, Time: 13:14:59

Health: 0/183      AC: 33    Str: 13    XL:     19   Next: 21%
Magic:  37/37      EV: 10    Int: 20    God:    Vehumet [******]
Gold:   2426       SH: 29    Dex: 13    Spells: 7/46 levels left

rFire   . . .        a - +5 demon trident (elec)
rCold   . . .        K - +4 tower shield {AC+3}
rNeg    . . .        (body armour unavailable)
rPois   +            v - +2 hat {Will+}
rElec   +            V - +2 cloak
rCorr   +            j - +2 pair of gloves
SInv    .            S - +2 pair of boots
Will    ++++.        n - amulet of reflection
Stlth   ++           i - ring "Juky" {Will++ rCorr}
HPRegen 0.50/turn    q - ring "Diacw" {rElec rPois AC+4 Slay-2}
MPRegen 0.25/turn

%: reflection
@: studying 2 skills
A: AC +15, amphibious, unfitting armour, cold-blooded
}: 2/15 runes: barnacled, gossamer
a: Renounce Religion


You were on level 1 of the Depths.
You worshipped Vehumet.
Vehumet was exalted by your worship.
You visited 6 branches of the dungeon, and saw 32 of its levels.
You also visited: Gauntlet and Ice Cave.

You collected 3490 gold pieces.
You spent 1064 gold pieces at shops.

Inventory:

Hand Weapons
 a - a +5 demon trident of electrocution (weapon)
 b - the +10 flail of Forgiveness {heavy, rC+ Str+2 Int+2}
   (You found it on level 12 of the Dungeon)

   Str+2:     It affects your strength (+2).
   Int+2:     It affects your intelligence (+2).
   rC+:       It protects you from cold.
Missiles
 g - 11 silver javelins (quivered)
 p - 5 curare-tipped darts
 J - 10 throwing nets
 L - 128 boomerangs
Armour
 j - a +2 pair of gloves (worn)
 v - a +2 hat of willpower (worn)
 K - a +4 tower shield of protection (worn)
 S - a +2 pair of boots (worn)
 V - a +2 cloak (worn)
 Y - +0 fire dragon scales
Jewellery
 i - the ring "Juky" (left hand) {Will++ rCorr}
   (You acquired it on level 3 of the Spider Nest)

   [ring of resist corrosion]

   Will++:    It greatly increases your willpower.
   rCorr:     It protects you from acid and corrosion.
 n - an amulet of reflection (around neck)
 q - the ring "Diacw" (right hand) {rElec rPois AC+4 Slay-2}
   (You found it in a Gauntlet)

   [ring of protection]

   AC+4:      It affects your AC (+4).
   Slay-2:    It affects your accuracy & damage with ranged weapons and melee
   (-2).
   rElec:     It insulates you from electricity.
   rPois:     It protects you from poison
 s - a ring of wizardry
 A - a ring of poison resistance
 C - a +4 ring of evasion
 E - a ring of protection from fire
 I - the ring "Lealy" {+Inv Str-2 Int+6 SInv}
   (You found it in a Gauntlet)

   [ring of intelligence]

   Str-2:     It affects your strength (-2).
   Int+6:     It affects your intelligence (+6).
   SInv:      It lets you see invisible.
   +Inv:      It lets you turn invisible.
 R - a ring of protection from cold
Wands
 m - a wand of iceblast (20)
 r - a wand of paralysis (12)
 G - a wand of digging (14)
 Q - a wand of acid (10)
Scrolls
 h - 4 scrolls of fog
 k - 3 scrolls of fear
 l - 11 scrolls of teleportation
 o - 14 scrolls of removedness
 w - 22 scrolls of identify
 y - 3 scrolls of revelation
 B - a scroll of summoning
 F - a scroll of enchant weapon
 O - 4 scrolls of immolation
 T - 3 scrolls of vulnerability
Potions
 c - 4 potions of berserk rage
 d - 9 potions of heal wounds
 f - a potion of might
 t - 5 potions of mutation
 u - 8 potions of ambrosia
 z - 2 potions of invisibility
 D - 5 potions of curing
 H - 2 potions of cancellation
 N - 3 potions of resistance
 P - 2 potions of brilliance
 U - 7 potions of enlightenment
 W - a potion of magic
 Z - 5 potions of haste
Miscellaneous
 X - a phantom mirror
Comestibles
 e - 13 removed foods


   Skills:
 + Level 19.4 Fighting
 * Level 11.1 Polearms
 - Level 1.7 Dodging
 - Level 1.7 Stealth
 + Level 18.9 Shields
 + Level 14.1 Spellcasting
 - Level 12.2 Conjurations
 - Level 3.0 Hexes
 - Level 5.0 Summonings
 - Level 8.0 Fire Magic
 - Level 10.0 Ice Magic
 - Level 3.0 Air Magic
 - Level 2.0 Earth Magic


You had 7 spell levels left.
You knew the following spells:

 Your Spells              Type           Power      Damage    Failure   Level
a - Foxfire               Conj/Fire      100%       2x1d9     1%          1
c - Sticky Flame          Conj/Fire      53%        2d7       1%          4
d - Fireball              Conj/Fire      26%        3d12      1%          5
e - Sandblast             Erth           44%        2d11      1%          1
f - Iskenderun's Battles  Conj           58%        2d11      1%          5
g - Spellforged Servitor  Conj/Summ      24%        N/A       56%         7
h - Passwall              Tmut/Erth      15%        N/A       12%         2
i - Freezing Cloud        Conj/Ice/Air   23%        6-21      3%          5
j - Chain Lightning       Conj/Air       22%        3d29      100%        9
k - Chain Lightning       Conj/Air       22%        3d29      100%        9

Your spell library contained the following spells:

 Spells                   Type           Power      Damage    Failure   Level
 Maxwell's Capacitive Co  Air            13%        ∞         100%        8
 Fire Storm               Conj/Fire      26%        8d7       100%        9
 Polar Vortex             Ice            26%        12d3*     100%        9
 Summon Small Mammal      Summ           100%       N/A       1%          1
 Inner Flame              Hex/Fire       36%        N/A       1%          3
 Ozocubu's Armour         Ice            53%        N/A       1%          3
 Call Imp                 Summ           68%        N/A       2%          2
 Iskenderun's Mystic Bla  Conj/Tloc      38%        2d9       2%          4
 Corona                   Hex            26%        N/A       3%          1
 Slow                     Hex            100%       N/A       3%          1
 Call Canine Familiar     Summ           34%        N/A       4%          3
 Summon Ice Beast         Ice/Summ       44%        N/A       5%          4
 Summon Guardian Golem    Hex/Summ       30%        N/A       7%          3
 Confusing Touch          Hex            26%        N/A       11%         3
 Swiftness                Air            26%        N/A       11%         3
 Animate Skeleton         Necr           28%        N/A       12%         1
 Pain                     Necr           56%        1d6       12%         1
 Wereblood                Tmut           14%        N/A       19%         2
 Portal Projectile        Hex/Tloc       40%        N/A       19%         3
 Summon Lightning Spire   Summ/Air       30%        N/A       22%         4
 Metabolic Englaciation   Hex/Ice        20%        N/A       22%         5
 Gell's Gravitas          Tloc           14%        N/A       34%         3
 Vampiric Draining        Necr           14%        2d7       34%         3
 Cause Fear               Hex            13%        N/A       34%         4
 Lee's Rapid Deconstruct  Erth           11%        3d8*      34%         5
 Ozocubu's Refrigeration  Ice            26%        4d13      36%         7
 Leda's Liquefaction      Hex/Erth       12%        N/A       38%         4
 Yara's Violent Unravell  Hex/Tmut       10%        3d6       41%         5
 Petrify                  Tmut/Erth      18%        N/A       61%         4
 Animate Dead             Necr           14%        N/A       75%         4
 Dispel Undead            Necr           14%        3d10      75%         4
 Passage of Golubria      Tloc           14%        N/A       75%         4
 Simulacrum               Ice/Necr       17%        N/A       93%         6
 Agony                    Necr           14%        N/A       97%         5
 Invisibility             Hex            13%        N/A       99%         6


Dungeon Overview and Level Annotations

Branches:
Dungeon (15/15)            Temple (0/1) D:7            Lair (6/6) D:8
 Shoals (4/4) Lair:2       Spider (4/4) Lair:2        Slime (0/5) Lair:5
    Orc (2/2) D:9             Elf (0/3) Orc:2        Vaults (0/5) D:13
 Depths (1/5) D:15          IceCv (visited)         Gauntlet (visited)

Altars:
Cheibriados
Dithmenos
Fedhas
Gozag
Hepliaklqana
Makhleb
Okawaru
Qazlal
Sif Muna
Trog
Vehumet
Xom
Yredelemnul
The Shining One
Jiyva

Shops:
D:9 *[   D:13 !   Orc:2 ==*==![(?   Shoals:4 x   Depths:1 ?

Portals:
Hell: Depths:1
Trove: D:15 (give +5 ice dragon scales)

Annotations:
Spider:1 1 runed translucent door, Jyist's ghost, journeyman DsFi
Spider:2 Aizul
Spider:3 Mara
Orc:1 exclusion: oklob plant
Depths:1 6 runed translucent doors, Zogo's ghost, veteran OpDe


Innate Abilities, Weirdness & Mutations

Your dull iron-grey scales are very hard. (AC +15)
You are amphibious.
You cannot fit into any form of body armour.
You are cold-blooded and may be slowed by cold attacks.


Message History

You block something's attack. Something bites you but does no damage.
You closely miss something. You tail-slap something.
Something hits you but does no damage. You block something's attack.
The great orb of eyes bites you.
* * * LOW HITPOINT WARNING * * *
Something blocks your attack. You block something's attack. x2
The great orb of eyes bites you but does no damage.
Something hits you but does no damage. Something bites you but does no damage.
Something blocks your attack.
You block the great orb of eyes's attack.
Something hits you but does no damage. Something bites you but does no damage.
You completely miss something. You block something's attack. x2
You block the great orb of eyes's attack.
You hit the great orb of eyes.
Lightning courses through the great orb of eyes!
The great orb of eyes is lightly wounded.
Something hits you.
* * * LOW HITPOINT WARNING * * *
Something bites you but does no damage.
You block the great orb of eyes's attack.
You block something's attack. Something bites you but does no damage.
You hit something but do no damage. Something hits you but does no damage.
Something bites you!
* * * LOW HITPOINT WARNING * * *
Something draws strength from your injuries!
You block the great orb of eyes's attack.
You hit something. Lightning courses through something!
Your tail-slap misses something.
Something hits you but does no damage. You block something's attack.
You block the great orb of eyes's attack.
You puncture something! Lightning courses through something!
Something blocks your attack. Something hits you.
* * * LOW HITPOINT WARNING * * *
Something bites you but does no damage. You block something's attack. x2
You puncture something!
You block the great orb of eyes's attack.
Something draws life force from you!
* * * LOW HITPOINT WARNING * * *
Something blocks your attack. Something hits you.
You die...

#.# #.# #[# #....
####'#######'###### #.# #....
#.........<.∩>....# ##)###....
##.................#####...(.....
...................).(([.......[.
##############################(..
...#.#......(.(..(.#..
#.#.#[#.(.#.#.#.#.#..
#..G@{##.##.#.#.###..
#........#.#..#.#..#...
##.##.####+##.#.#.##.#. #.....
#ubC#.#.#.#..#.
##..#.##CCW###.###.##. #..
.##RCC##...#..##. ##.
#.+cQp+.#.##.###. ..
#######..#......
##########################..#####


You could see a caustic shrike, a frost giant, a white very ugly thing, a fire
giant, 2 stone giants, a great orb of eyes, an ettin, a rakshasa, a flayed
ghost, a human and a tengu conjurer.

Vanquished Creatures
  Arachne (Spider:4)
  Jorgrun (Shoals:3)
  A kraken (Shoals:2)
  A sphinx (Depths:1)
  Kirke (Shoals:3)
  Donald (Spider:1)
  Louise (D:15)
  A frost giant (IceCv)
  4 ghost moths
  9 emperor scorpions
  An orc warlord (Orc:2)
  A stone giant (Depths:1)
  2 very ugly things (Depths:1)
  Nessos (Orc:2)
  3 entropy weavers
  A minotaur (Gauntlet)
  A spark wasp (Spider:4)
  3 ettins (Depths:1)
  4 merfolk javelineers
  Snorg (Orc:2)
  3 fire dragons (Depths:1)
  Josephine (Spider:1)
  Fannar (D:8)
  3 jiangshi (Depths:1)
  7 merfolk impalers
  3 great orbs of eyes (Depths:1)
  2 ogre magi (Depths:1)
  Erolcha (D:12)
  3 hydras
  7 centaur warriors
  An ice dragon (Depths:1)
  8 vault guards (D:13)
  Erica (D:11)
  2 catoblepae
  8 merfolk avatars
  An alligator snapping turtle (Shoals:3)
  12 two-headed ogres
  A deep troll shaman (Lair:6)
  A death knight (D:14)
  3 orc high priests (Orc:2)
  A vampire mage (Depths:1)
  5 merfolk aquamancers
  3 tengu warriors (Depths:1)
  10 death yaks
  Urug (Lair:6)
  A deep troll earth mage (Depths:1)
  A soul eater (Gauntlet)
  Sonja (D:13)
  3 skeletal warriors (D:15)
  The ghost of DungeonDestroyer the Cleaver, a novice DsFi of Gozag (D:7)
  11 sea snakes
  7 hell knights (Depths:1)
  2 unseen horrors (D:15)
  3 deep trolls (Depths:1)
  5 occultists
  2 lindwurms
  2 wolf spider zombies (D:14)
  18 orb spiders
  2 deep elf pyromancers (D:15)
  5 orc knights
  2 necromancers
  3 harpies (Shoals:2)
  16 manticores
  3 orc sorcerers
  24 wolf spiders
  24 ugly things
  6 elephants
  A manticore (shapeshifter) (Depths:1)
  6 fauns
  2 moths of wrath (Spider:2)
  9 cyclopes
  An ice statue (IceCv)
  3 centaur zombies
  10 merfolk sirens
  7 black mambas
  A gargoyle (D:12)
  A torpor snail (Gauntlet)
  6 water nymphs
  4 centaur skeletons
  A freezing wraith (D:14)
  6 cane toads
  An efreet (D:14)
  5 komodo dragons
  12 yaktaurs
  8 rime drakes
  12 demonic crawlers
  2 kobold demonologists (D:12)
  A tengu conjurer (Depths:1)
  2 ice devils (D:13)
  A harpy zombie (D:15)
  15 polar bears
  5 trolls
  A wolf spider simulacrum (D:15)
  9 hornets
  41 jumping spiders
  47 merfolk
  5 wind drakes
  20 blink frogs
  11 dream sheep
  19 removed hippogriffs
  12 snapping turtles
  A redback (shapeshifter) (Depths:1)
  A spriggan (D:14)
  A shadow (D:14)
  A centaur simulacrum (D:15)
  5 wraiths (Spider:1)
  35 tarantellas
  A wyvern (D:15)
  A vampire (D:15)
  88 redbacks
  9 water elementals
  54 yaks
  6 hogs (Shoals:3)
  2 basilisks
  6 vampire mosquitoes
  A steam dragon (D:15)
  A fire elemental (Lair:5)
  4 wargs
  A removed soldier ant (D:14)
  An acid dragon (D:13)
  10 water moccasins
  Duvessa (D:6)
  A meliai simulacrum (D:15)
  8 removed porcupines
  4 black bears
  2 hornet zombies
  32 orc warriors
  5 sky beasts
  3 ice beasts
  2 phantoms
  16 ogres
  4 removed eyes of draining
  16 wolves
  A necrophage (D:14)
  6 centaurs
  13 removed crocodiles
  3 kobold brigands
  18 bullfrogs
  A gnoll sergeant (D:8)
  8 scorpions
  Dowan (D:6)
  9 wights
  9 killer bees
  4 electric eels
  4 howler monkeys
  7 crimson imps
  4 hounds
  A bullfrog zombie (D:8)
  18 orc priests
  A gnoll bouda (D:9)
  3 jellies
  Jessica (D:4)
  2 iguanas
  21 orc wizards
  10 removed worker ants
  A hound skeleton (D:7)
  A howler monkey zombie (D:6)
  6 gnolls
  5 adders
  6 shadow imps
  An endoplasm (D:3)
  2 adder skeletons
  4 worms
  3 dart slugs
  61 orcs
  12 removed leopard geckos
  4 ball pythons
  5 bats
  4 giant cockroaches
  8 goblins
  4 hobgoblins
  7 jackals
  6 quokkas
  7 frilled lizards
  27 kobolds
  7 rats
  A spectral orc (D:9)
  A foxfire (Spider:2)
  2 tentacles (Shoals:2)
1210 creatures vanquished.

Vanquished Creatures (others)
  A manticore (Shoals:4)
  3 yaks (IceCv)
  A redback (Spider:3)
  A human (Shoals:3)
  2 wolves (IceCv)
  2132 foxfires
  24 spectral weapons
  2 tentacles (Shoals:2)
2166 creatures vanquished.

Grand Total: 3376 creatures vanquished

Notes
Turn   | Place    | Note
-------+----------+-------------------------------------------
     0 | D:1      | Gumption the Draconian Fire Elementalist began the quest
                  | for the Orb.
     0 | D:1      | Reached XP level 1. HP: 14/14 MP: 3/3
   419 | D:1      | Reached XP level 2. HP: 22/22 MP: 3/5
  1002 | D:1      | Reached skill level 1 in Fighting
  1275 | D:2      | Reached XP level 3. HP: 28/28 MP: 2/6
  1538 | D:2      | Found a faded altar of an unknown god.
  1540 | D:2      | Noticed a big kobold
  1550 | D:2      | Killed a big kobold
  1550 | D:2      | Reached XP level 4. HP: 28/36 MP: 2/7
  1564 | D:2      | Learned a level 7 spell: Conjure Flame
  1569 | D:2      | Learned a level 4 spell: Sticky Flame
  2523 | D:3      | Reached XP level 5. HP: 41/41 MP: 4/8
  2529 | D:3      | Reached skill level 2 in Fighting
  2833 | D:3      | Noticed a sky beast
  2865 | D:3      | Killed a sky beast
  3371 | D:3      | Reached XP level 6. HP: 50/50 MP: 6/10
  3823 | D:4      | Noticed Jessica
  3829 | D:4      | Found a blossoming altar of Fedhas.
  3847 | D:4      | Found a stormy altar of Qazlal.
  3909 | D:4      | Reached skill level 5 in Fire Magic
  4104 | D:4      | Reached skill level 3 in Fighting
  4104 | D:4      | Your scales start taking on a dull iron-grey colour.
  4104 | D:4      | Reached XP level 7. HP: 57/57 MP: 6/12
  4104 | D:4      | Gained mutation: You can survive without breathing. [Grey
                  | Draconian growth]
  4433 | D:4      | Found a hazy altar of Hepliaklqana.
  4870 | D:5      | Entered Level 5 of the Dungeon
  4949 | D:5      | Found a glowing golden altar of the Shining One.
  4970 | D:5      | Reached skill level 5 in Conjurations
  5051 | D:5      | Found a radiant altar of Vehumet.
  5054 | D:5      | Became a worshipper of Vehumet
  5542 | D:6      | Reached skill level 4 in Fighting
  5542 | D:6      | Reached XP level 8. HP: 66/66 MP: 9/13
  5956 | D:6      | Learned a level 5 spell: Fireball
  6184 | D:6      | Reached * piety under Vehumet
  6184 | D:6      | Offered knowledge of Sandblast by Vehumet.
  6379 | D:6      | Noticed Duvessa
  6385 | D:6      | Noticed Dowan
  6427 | D:6      | Killed Dowan
  6462 | D:6      | Killed Duvessa
  6680 | D:6      | Learned a level 1 spell: Sandblast
  6828 | D:7      | Reached skill level 5 in Fighting
  6901 | D:7      | Found a staircase to the Ecumenical Temple.
  6911 | D:7      | Reached XP level 9. HP: 74/74 MP: 8/16
  7148 | D:7      | Found a shadowy altar of Dithmenos.
  7378 | D:7      | Found a large runed translucent door.
  7378 | D:7      | Found a large runed translucent door.
  7381 | D:7      | Noticed DungeonDestroyer's ghost (novice DsFi)
  7408 | D:7      | Offered knowledge of Shock by Vehumet.
  7640 | D:7      | Reached skill level 5 in Spellcasting
  7938 | D:8      | Reached ** piety under Vehumet
  8181 | D:7      | Reached skill level 1 in Earth Magic
  8397 | D:8      | Reached skill level 6 in Fighting
  8531 | D:8      | Found a staircase to the Lair.
  8600 | D:8      | Noticed an elephant
  8630 | D:8      | Killed an elephant
  8773 | D:8      | Reached skill level 7 in Fighting
  8773 | D:8      | Reached skill level 1 in Shields
  8834 | D:8      | Reached XP level 10. HP: 78/86 MP: 17/19
  9061 | D:8      | Offered knowledge of Ignite Poison by Vehumet.
  9529 | D:8      | Upgraded the game from 0.26-a0-21-gf97e55dc39 to
                  | 0.26-a0-26-ge22fd8933b
  9643 | D:9      | Found a snail-covered altar of Cheibriados.
  9817 | D:9      | Found an opulent altar of Gozag.
 10079 | D:9      | Reached *** piety under Vehumet
 10226 | D:9      | Found Erryicsa's Assorted Antiques.
 10352 | D:9      | Reached skill level 8 in Fighting
 10555 | D:9      | Reached skill level 5 in Shields
 10762 | D:9      | Offered knowledge of Static Discharge by Vehumet.
 11040 | D:9      | Found a staircase to the Orcish Mines.
 11163 | D:9      | Found Zoerepy's Armour Emporium.
 11278 | D:9      | Found an iron altar of Okawaru.
 11316 | D:9      | Found a basalt altar of Yredelemnul.
 11337 | D:9      | Found a burning altar of Makhleb.
 11412 | D:9      | Noticed a cyan ugly thing
 11429 | D:9      | Killed a cyan ugly thing
 11747 | D:9      | Found a bloodstained altar of Trog.
 11803 | D:9      | Found a shimmering blue altar of Sif Muna.
 11806 | D:9      | Upgraded the game from 0.26-a0-26-ge22fd8933b to
                  | 0.26-a0-28-gc929df5585
 11877 | D:10     | Entered Level 10 of the Dungeon
 12114 | D:10     | Reached XP level 11. HP: 95/95 MP: 20/22
 12565 | D:10     | Reached skill level 9 in Fighting
 12573 | D:10     | Reached **** piety under Vehumet
 13128 | D:10     | Offered knowledge of Iskenderun's Battlesphere by Vehumet.
 13168 | D:10     | Learned a level 5 spell: Iskenderun's Battlesphere
 13515 | Lair:1   | Entered Level 1 of the Lair of Beasts
 13618 | Lair:1   | Reached skill level 1 in Charms
 13657 | Lair:1   | Noticed Fannar
 13995 | D:8      | Found a staircase to the Lair.
 14388 | Lair:1   | Got a faintly glowing flail
 14389 | Lair:1   | Identified the cursed +1 flail of Gluttony {elec, SInv}
                  | (You found it on level 1 of the Lair of Beasts)
 14507 | Lair:1   | Noticed a seven-headed hydra
 14528 | Lair:1   | Killed a seven-headed hydra
 15467 | Lair:2   | Reached skill level 10 in Fighting
 15748 | Lair:2   | Reached XP level 12. HP: 79/106 MP: 15/24
 16111 | Lair:2   | Found a hole to the Spider Nest.
 16229 | Lair:2   | Found a staircase to the Shoals.
 16640 | Lair:3   | Reached skill level 10 in Shields
 17234 | Lair:3   | Upgraded the game from 0.26-a0-28-gc929df5585 to
                  | 0.26-a0-36-g11e0b32562
 18273 | D:9      | Bought a hardcover book for 465 gold pieces
 18273 | D:9      | Bought a wand of acid (7) for 248 gold pieces
 18759 | Lair:4   | Reached ***** piety under Vehumet
 18759 | Lair:4   | Reached skill level 11 in Fighting
 19899 | Lair:5   | You fall into a shaft and drop 1 floor!
 19899 | Lair:6   | Entered Level 6 of the Lair of Beasts
 20363 | Lair:6   | Noticed a four-headed hydra
 20375 | Lair:6   | Killed a four-headed hydra
 20384 | Lair:6   | Reached skill level 10 in Conjurations
 20709 | Lair:6   | Reached XP level 13. HP: 116/116 MP: 23/25
 21505 | Lair:5   | Found a staircase to the Slime Pits.
 21505 | Lair:5   | Found a viscous altar of Jiyva.
 22597 | Lair:6   | Noticed Urug
 22976 | Lair:6   | Reached skill level 12 in Fighting
 23125 | Lair:6   | Killed Urug
 24230 | Lair:6   | Offered knowledge of Spellforged Servitor by Vehumet.
 24241 | Lair:6   | Learned a level 7 spell: Spellforged Servitor
 25267 | D:4      | Killed Jessica
 25278 | D:4      | Found a shimmering blue altar of Sif Muna.
 25398 | D:10     | Learned a level 2 spell: Passwall
 25848 | D:11     | Noticed Erica
 25852 | D:11     | Killed Erica
 27074 | D:12     | Found a gate leading to a gauntlet.
 27083 | Gauntlet | Entered a Gauntlet
 27083 | Gauntlet | Found a transporter.
 27083 | Gauntlet | Found a transporter.
 27096 | Gauntlet | Found a transporter.
 27099 | Gauntlet | Found a transporter.
 27107 | Gauntlet | Found a transporter.
 27110 | Gauntlet | Found a transporter.
 27117 | Gauntlet | Found a runed translucent door.
 27119 | Gauntlet | Found a transporter.
 27138 | Gauntlet | Found a transporter.
 27138 | Gauntlet | Noticed an entropy weaver
 27156 | Gauntlet | Found a transporter.
 27159 | Gauntlet | Found a transporter.
 27169 | Gauntlet | Found a transporter.
 27172 | Gauntlet | Found a transporter.
 27409 | Gauntlet | Got a scorched wooden ring
 27410 | Gauntlet | Identified the ring "Diacw" {rElec rPois AC+4 Slay-2} (You
                  | found it in a Gauntlet)
 27555 | Gauntlet | Reached XP level 14. HP: 50/127 MP: 3/26
 27828 | Gauntlet | Killed an entropy weaver
 28095 | Gauntlet | Got a fine platinum ring
 28097 | Gauntlet | Identified the ring "Lealy" {+Inv Str-2 Int+6 SInv} (You
                  | found it in a Gauntlet)
 29293 | D:12     | Noticed Erolcha
 29310 | D:12     | Killed Erolcha
 29310 | D:12     | Reached skill level 13 in Fighting
 29794 | D:12     | Got a scorched flail
 29795 | D:12     | Identified the +10 flail of Forgiveness {vorpal, rC+ Str+2
                  | Int+2} (You found it on level 12 of the Dungeon)
 30621 | D:13     | Found a frozen archway.
 30630 | IceCv    | Entered an ice cave
 31296 | IceCv    | Offered knowledge of Freezing Cloud by Vehumet.
 31966 | IceCv    | Noticed a frost giant
 32104 | IceCv    | Killed a frost giant
 32400 | D:13     | Noticed Sonja
 32404 | D:13     | Killed Sonja
 32404 | D:13     | Reached skill level 15 in Shields
 32556 | D:13     | Reached skill level 1 in Summonings
 32690 | D:13     | Found a gate to the Vaults.
 32865 | D:13     | Identified the +4 leather armour of the Armadillo {rC+++
                  | rCorr MP-9 Str+2}
 33022 | D:13     | Found Yrusch's Distillery.
 33030 | D:13     | Bought 2 potions of heal wounds for 150 gold pieces
 33030 | D:13     | Bought a potion of heal wounds for 75 gold pieces
 33844 | D:14     | Reached XP level 15. HP: 137/137 MP: 28/28
 34834 | D:14     | Reached skill level 10 in Spellcasting
 34839 | D:14     | Reached skill level 14 in Fighting
 35083 | D:14     | Learned a level 5 spell: Freezing Cloud
 35231 | D:15     | Entered Level 15 of the Dungeon
 35372 | D:15     | Reached skill level 1 in Ice Magic
 35642 | D:14     | Upgraded the game from 0.26-a0-36-g11e0b32562 to
                  | 0.26-a0-40-gfe7b5d5a6f
 35930 | D:14     | Reached skill level 1 in Air Magic
 36610 | D:15     | Found an opulent altar of Gozag.
 36819 | D:15     | Found a portal to a secret trove of treasure.
 36861 | D:15     | Noticed Louise
 36876 | D:15     | Killed Louise
 37543 | D:15     | Found a staircase to the Depths.
 37982 | Lair:2   | Upgraded the game from 0.26-a0-40-gfe7b5d5a6f to
                  | 0.26-a0-43-g20b394cb32
 37985 | Spider:1 | Entered Level 1 of the Spider Nest
 37987 | Spider:1 | Noticed Donald
 38020 | Spider:1 | Killed Donald
 38484 | Lair:2   | Reached skill level 5 in Summonings
 39218 | Spider:1 | Reached skill level 5 in Ice Magic
 39356 | Spider:1 | Identified a scroll of acquirement
 39811 | Spider:1 | Found a runed translucent door.
 39816 | Spider:1 | Found a shimmering altar of Xom.
 39816 | Spider:1 | Noticed Jyist's ghost (journeyman DsFi)
 39912 | Spider:1 | Noticed Josephine
 39916 | Spider:1 | Killed Josephine
 40465 | Spider:2 | Reached XP level 16. HP: 147/147 MP: 18/30
 41486 | Spider:2 | Learned a level 7 spell: Spectral Weapon
 41496 | Spider:2 | Noticed Aizul
 43324 | Spider:3 | Reached skill level 15 in Fighting
 43849 | Spider:3 | Offered knowledge of Bolt of Magma by Vehumet.
 44694 | Spider:2 | Upgraded the game from 0.26-a0-43-g20b394cb32 to
                  | 0.26-a0-52-gd53d4cd058
 45444 | Shoals:1 | Entered Level 1 of the Shoals
 47817 | D:8      | Killed Fannar
 48141 | D:7      | Killed DungeonDestroyer's ghost
 48459 | Shoals:2 | Reached skill level 1 in Polearms
 48828 | Shoals:2 | Reached skill level 10 in Ice Magic
 49216 | Shoals:2 | Noticed a kraken
 49223 | Shoals:2 | Killed a kraken
 49547 | Shoals:3 | Reached XP level 17. HP: 157/157 MP: 24/32
 50694 | Shoals:3 | Noticed Jorgrun
 50701 | Shoals:3 | Killed Jorgrun
 51010 | Shoals:3 | Identified Facief's Spellweaving, Part Four
 51056 | Shoals:3 | Noticed Kirke
 51061 | Shoals:3 | Killed Kirke
 51179 | Shoals:3 | Reached ****** piety under Vehumet
 51558 | Shoals:3 | Upgraded the game from 0.26-a0-52-gd53d4cd058 to
                  | 0.26-a0-58-g79b31b8662
 51559 | Shoals:4 | Entered Level 4 of the Shoals
 51570 | Shoals:4 | Reached skill level 16 in Fighting
 51603 | Shoals:4 | Offered knowledge of Iron Shot by Vehumet.
 52979 | Shoals:4 | Reached skill level 5 in Polearms
 53638 | Shoals:4 | Found Pamer's Gadget Shoppe.
 53662 | Shoals:4 | Got a barnacled rune of Zot
 53841 | Shoals:4 | Reached skill level 1 in Hexes
 53857 | Shoals:4 | Offered knowledge of Lightning Bolt by Vehumet.
 54982 | Spider:4 | Entered Level 4 of the Spider Nest
 54982 | Spider:4 | Noticed Mara
 55084 | Spider:3 | Got the ring "Juky" {MR++ rCorr}
 56080 | Spider:3 | Upgraded the game from 0.26-a0-58-g79b31b8662 to
                  | 0.26-a0-83-g7ccd015ce0
 56337 | Spider:4 | Noticed Arachne
 56355 | Spider:4 | Killed Arachne
 56355 | Spider:4 | Reached XP level 18. HP: 116/168 MP: 26/34
 56708 | Spider:3 | Offered knowledge of Conjure Ball Lightning by Vehumet.
 57266 | Spider:4 | Noticed Gumption's illusion
 57966 | Spider:4 | Reached skill level 17 in Fighting
 59204 | Spider:4 | Got a gossamer rune of Zot
 59455 | Orc:1    | Entered Level 1 of the Orcish Mines
 59455 | Orc:1    | Found a roughly hewn altar of Beogh.
 60170 | Orc:2    | Entered Level 2 of the Orcish Mines
 60235 | Orc:2    | Found a staircase to the Elven Halls.
 60290 | Orc:2    | Found Fintoe's Jewellery Emporium.
 60290 | Orc:2    | Found Guylips's Jewellery Boutique.
 60315 | Orc:2    | Noticed Nessos
 60320 | Orc:2    | Killed Nessos
 60356 | Orc:2    | Found Rodwuwn's Jewellery Boutique.
 60486 | Orc:2    | Noticed Snorg
 60493 | Orc:2    | Killed Snorg
 61242 | Orc:2    | Offered knowledge of Chain Lightning by Vehumet.
 61257 | Orc:2    | Found a roughly hewn altar of Beogh.
 61362 | Orc:2    | Found Geilyun's Antique Weapon Emporium.
 61398 | Orc:2    | Found Ice Cext's General Store.
 61425 | Orc:2    | Found Itaen's Antique Armour Emporium.
 61427 | Orc:2    | Found Foduk's Jewellery Emporium.
 61450 | Orc:2    | Found Kual's Distillery.
 61467 | Orc:2    | Found Moys's Magic Scroll Boutique.
 61834 | Orc:2    | Upgraded the game from 0.26-a0-83-g7ccd015ce0 to
                  | 0.26-a0-712-ga5a9c9c9d0
 62024 | Orc:1    | Learned a level 9 spell: Chain Lightning
 62544 | Depths:1 | Entered Level 1 of the Depths
 62544 | Depths:1 | Found Imaas's Magic Scroll Shoppe.
 62547 | Depths:1 | Bought a scroll of fear for 63 gold pieces
 62547 | Depths:1 | Bought a scroll of fear for 63 gold pieces
 62846 | Depths:1 | Found a runed translucent door.
 62847 | Depths:1 | Noticed a caustic shrike
 63773 | Depths:1 | Reached skill level 10 in Polearms
 63801 | Depths:1 | Reached skill level 18 in Fighting
 64725 | Depths:1 | Found a runed translucent gate.
 64725 | Depths:1 | Found a runed translucent gate.
 64725 | Depths:1 | Found a runed translucent gate.
 65313 | Depths:1 | Noticed Zogo's ghost (veteran OpDe)
 65314 | Depths:1 | Noticed an Ice Fiend
 65388 | Depths:1 | Reached XP level 19. HP: 167/179 MP: 36/36
 65857 | Depths:1 | Found a runed translucent door.
 66281 | Depths:1 | Reached skill level 19 in Fighting
 66281 | Depths:1 | Upgraded the game from 0.26-a0-712-ga5a9c9c9d0 to
                  | 0.30-a0-916-g98134172ad
 66283 | Depths:1 | Upgraded the game from 0.30-a0-916-g98134172ad to
                  | 0.31-a0-988-g08d55dae12
 66887 | Depths:1 | Offered knowledge of Fire Storm by Vehumet.
 66887 | Depths:1 | Offered knowledge of Polar Vortex by Vehumet.
 66887 | Depths:1 | Offered knowledge of Maxwell's Capacitive Coupling by
                  | Vehumet.
 66917 | Depths:1 | Found a gateway to Hell.
 67085 | Depths:1 | Found a runed translucent door.
 67117 | Depths:1 | HP: 4/183 [something (14)]
 67118 | Depths:1 | Slain by a vampire knight

Illustrated notes

Levels and vault maps discovered:
D:1:      lemuel_arrival_funnel, layout_basic, lexackson_kobold_supper
D:2:      layout_basic, chequers_ecumenical_altar_simple
D:3:      layout_rooms, first_ration, minivault_25
D:4:      layout_rooms, grunt_temple_overflow_forces_of_nature,
          marbit_many_paths, tgw_sif
D:5:      layout_rooms, kennysheep_mini, nrook_uturn,
          chequers_serial_rivers_micro_e, minmay_fountain_box,
          nicolae_tso_carved_into_rock
D:6:      layout_rooms, uniq_duvessa
D:7:      layout_loops_ring, lemuel_doored_altar, minmay_temple_entry_crystal_x,
          ebering_ghost_disaster_area
D:8:      layout_loops_ring, david_lair_generic
D:9:      layout_roguey, yredelemnul_forgotten_temple_becter,
          grunt_gozag_breadcrumbs, lemuel_round_altar,
          nicolae_overflow_quartered_altars, david_orc_2, serial_shops,
          nicolae_shop_waterfront, shop
D:10:     layout_stronghold
D:11:     layout_long_grid, uniq_erica
D:12:     layout_layer_cave, gauntlet_entry_generic, uniq_erolcha
D:13:     layout_irregular_city, erik_vaults_2, serial_shops, shop,
          portal_ice_cave_demonic_guard, uniq_sonja
D:14:     layout_roguey, bh_walls_and_bars, the_bakery
D:15:     grunt_enter_depths_magical_seal, layout_cross, old_standard_altar,
          enter_trove_3, uniq_louise
Lair:1:   layout_roguey, uniq_fannar
Lair:2:   layout_regular_city, elwin_shoals_entry_rocks,
          nicolae_spider_entry_tight_spaces, serial_bayou_shore_b
Lair:3:   layout_cave_pods, grunt_megastairs_3
Lair:4:   layout_hall_layers, minmay_lair_drake_nest, grunt_megastairs_5,
          lemuel_fruit_tree
Lair:5:   layout_gridlike, slime_altar_1, grunt_forest_small_clearing_treed,
          serial_bayou_shore_b
Lair:6:   grunt_lair_end_beastmaster, layout_cave_pods, lemuel_fruit_fields,
          uniq_urug
Shoals:1: layout_shoals
Shoals:2: layout_shoals, nicolae_shoals_wave_tunnel
Shoals:3: layout_shoals, uniq_kirke, uniq_jorgrun
Shoals:4: shoals_end_simple, layout_shoals, serial_shops, shop
Spider:1: layout_spider_delve, ebering_ghost_xom,
          hangedman_spider_tarantella_strand, uniq_josephine, uniq_donald
Spider:2: layout_chambers, drop_trap, uniq_aizul
Spider:3: layout_spider_delve
Spider:4: grunt_spider_rune_circles, uniq_arachne, uniq_mara
Orc:1:    layout_caves, basic_altar, mines3_lemuel
Orc:2:    grunt_orc_cross, layout_caves, serial_shops, shop, shop, shop, shop,
          minmay_shop_enchanted_jewellery, uniq_snorg, uniq_nessos
Depths:1: minmay_the_grid_triangle_9x9_line_8_mashed
          [minmay_the_grid_triangle_9x9_from_above,
          minmay_the_grid_triangle_9x9_fully_insulated_deathbox,
          minmay_the_grid_triangle_9x9_alien,
          minmay_the_grid_triangle_9x9_windchime,
          minmay_the_grid_triangle_9x9_tough_junction,
          minmay_the_grid_triangle_9x9_sprig,
          minmay_the_grid_triangle_9x9_longest,
          minmay_the_grid_triangle_9x9_prize_center], layout_gridlike,
          gammafunk_ghost_icy, serial_shops, shop, grunt_metal_band,
          kennysheep_minor_cross

Skill      XL: |  1  2  3  4  5  6  7  8  9 10 11 12 13 14 15 16 17 18 19 |
---------------+----------------------------------------------------------+-----
Fighting       | 1 2 3 4 5 7 8 10 11 12 13 14 15 16 18 19 | 19.4
Conjurations   | 2 3 4 5 6 8 10 11 12 | 12.2
Fire Magic     | 4 5 6 7 8 |  8.0
Spellcasting   | 3 4 6 7 8 9 10 11 12 13 14 | 14.1
Earth Magic    | 2 |  2.0
Shields        | 1 6 9 11 13 15 16 17 18 | 18.9
Charms         | 3 4 6 |  0.0
Summonings     | 2 5 |  5.0
Ice Magic      | 5 10 | 10.0
Air Magic      | 3 |  3.0
Polearms       | 2 6 10 11 | 11.1
Hexes          | 2 3 |  3.0
Dodging        | |  1.7
Stealth        | |  1.7

Action                     |  1- 3 |  4- 6 |  7- 9 | 10-12 | 13-15 | 16-18 | 19-21 || total
---------------------------+-------+-------+-------+-------+-------+-------+-------++-------
  Melee: Dagger            |    36 |    38 |   178 |   251 |   278 |       |       ||   781
         Tailslap          |     3 |     3 |    21 |    31 |   114 |   131 |    53 ||   356
         Scimitar          |       |       |       |       |    13 |       |       ||    13
         Flail             |       |       |       |       |   533 |   246 |       ||   779
         Demon trident     |       |       |       |       |       |  1061 |   247 ||  1308
  Throw: Stone             |     1 |     9 |     2 |     1 |       |       |       ||    13
         Dart              |       |     1 |     6 |    20 |       |    11 |       ||    38
         Javelin           |       |       |     9 |     8 |       |    61 |     8 ||    86
         Boomerang         |       |       |       |    27 |    15 |       |       ||    42
   Cast: Foxfire           |    47 |    76 |   206 |   444 |   379 |   173 |     9 ||  1334
         Sticky Flame      |       |       |    11 |    62 |   136 |   101 |       ||   310
         Conjure Flame     |       |       |    10 |    33 |    17 |     5 |       ||    65
         Sandblast         |       |       |       |     4 |       |       |       ||     4
         Fireball          |       |       |       |    24 |   196 |   288 |       ||   508
         Iskenderun's Batt |       |       |       |     1 |    50 |     6 |       ||    57
         Passwall          |       |       |       |       |     1 |     1 |       ||     2
         Spectral Weapon   |       |       |       |       |       |   116 |       ||   116
         Freezing Cloud    |       |       |       |       |       |     1 |       ||     1
Ability: Evoke Invisibilit |       |     1 |       |       |       |       |       ||     1
  Evoke: Wand              |       |       |       |     4 |     5 |       |       ||     9
         Lightning rod     |       |       |       |     2 |       |       |       ||     2
    Use: Scroll            |       |    14 |     6 |    12 |    17 |    10 |       ||    59
         Potion            |       |       |     1 |       |     7 |     4 |       ||    12
   Stab: Invisible         |       |     1 |       |       |     1 |       |       ||     2
         Sleeping          |       |       |       |     2 |       |       |       ||     2
         Distracted        |       |       |       |       |       |     2 |       ||     2
         Held in net/web   |       |       |       |       |       |     1 |       ||     1
    Eat: Removed food      |     3 |     6 |     9 |    18 |    47 |    54 |       ||   137
         Removed food      |       |     1 |     2 |    10 |    22 |    11 |       ||    46
 Armour: Skin              |     3 |    13 |    80 |    95 |   385 |   685 |   100 ||  1361
  Dodge: Dodged            |    10 |    22 |   118 |   177 |   336 |   468 |    27 ||  1158
  Block: Other             |       |       |    18 |    16 |       |       |       ||    34
         Kite shield       |       |       |       |   267 |   948 |   957 |       ||  2172
         Reflection        |       |       |       |     9 |    32 |   132 |     4 ||   177
         Tower shield      |       |       |       |       |   276 |  1147 |   225 ||  1648
Riposte: Scimitar          |       |       |       |       |     3 |       |       ||     3

Table legend: (Time is in decaauts)
 A = Elapsed time spent in this place.
 B = Non-inter-level travel time spent in this place.
 C = Inter-level travel time spent in this place.
 D = Time resting spent in this place.
 E = Time spent auto-exploring this place.
 F = Levels seen in this place.
 G = Mean time per level.
                   A        B        C        D        E       F      G
               +--------+--------+--------+--------+--------+-----+--------+
         Total |  67612 |  64146 |   3466 |  21093 |  20268 |  34 | 1988.6 |
       Dungeon |  25277 |  23316 |   1961 |   6664 |   7541 |  15 | 1685.1 |
          Lair |  12528 |  11824 |    704 |   4233 |   4439 |   6 | 2088.0 |
        Shoals |   8719 |   8539 |    180 |   2905 |   3251 |   4 | 2179.8 |
   Spider Nest |  11117 |  10553 |    564 |   4196 |   2032 |   4 | 2779.2 |
  Orcish Mines |   2620 |   2564 |     56 |    550 |    897 |   2 | 1310.0 |
        Depths |   4522 |   4522 |      0 |   1181 |   1916 |   1 | 4522.0 |
      Ice Cave |   1595 |   1595 |      0 |    717 |    112 |   1 | 1595.0 |
      Gauntlet |   1231 |   1231 |      0 |    647 |     80 |   1 | 1231.0 |
               +--------+--------+--------+--------+--------+-----+--------+

Top non-repeatable levels by time:
Depths:1: 4522 daAuts
   Orc:1: 172 daAuts
    D:15: 102 daAuts
    D:11: 88 daAuts
    D:10: 86 daAuts
   Orc:2: 77 daAuts
    D:12: 68 daAuts
    D:13: 50 daAuts
     D:9: 37 daAuts
    D:14: 30 daAuts
Note: time per level data comes from an upgraded game and may be incomplete.
